Map: [ESL] Dragon Scales

Players

ByuN - Winner!

  • Race: Terran Terran

HeroMarine

  • Race: Terran Terran

Event: IEM Katowice 2023

VOD

Have the link to the VOD?

Description

Time

  • Played on: Feb. 10, 2023, 11:31 a.m.
  • Length: 14:09

All games in this series

Show
View Real Time Build Order
Export as new Build Order

ByuN Terran - Winner!

Build Orders: Reaper Expand 

Get SALT Encoding   

  12  0:00  SCV  
  13  0:12  SCV  
  14  0:17  Supply Depot  
  14  0:24  SCV  
  15  0:38  SCV  
  15  0:40  Barracks  
  15  0:42  Refinery  
  16  0:50  SCV  
  17  1:02  SCV  
  18  1:14  SCV  
  19  1:26  Reaper  
  19  1:27  Orbital Command  
  20  1:37  Command Center  
  20  1:48  Supply Depot  
  20  1:52  SCV  
  21  1:58  Marine  
  22  2:03  Factory  
  22  2:04  SCV  
  23  2:10  Refinery  
  23  2:16  Marine, SCV  
  25  2:22  Bunker  
  25  2:29  SCV  
  26  2:34  Barracks Reactor  
  26  2:41  SCV  
  27  2:47  Hellion  
  27  2:48  Starport  
  29  2:54  Orbital Command  
  29  2:57  SCV  
  30  3:09  SCV  
  30  3:10  Factory Tech Lab  
  31  3:14  Marine x2  
  33  3:20  SCV  
  33  3:22  SCV  
  33  3:25  Starport Tech Lab, Refinery  
  35  3:30  Cyclone  
  35  3:33  SCV  
  35  3:34  SCV  
  40  3:37  Supply Depot  
  40  3:39  Marine x2  
  42  3:44  Raven  
  42  3:46  SCV  
  42  3:48  SCV  
  46  3:58  Marine  
  46  3:59  Marine, SCV, Supply Depot  
  46  4:00  SCV  
  50  4:08  Siege Tank  
  54  4:20  SCV  
  54  4:21  SCV, Supply Depot  
  55  4:27  Starport Reactor  
  55  4:28  Barracks x2  
  55  4:29  Stimpack  
  55  4:32  SCV  
  55  4:33  SCV  
  55  4:35  Marine  
  58  4:39  Engineering Bay  
  58  4:42  Siege Tank  
  61  4:45  SCV  
  61  4:46  SCV  
  61  4:50  Supply Depot  
  63  4:52  Marine  
  63  4:58  SCV x2  
  66  5:06  Supply Depot  
  66  5:07  Terran Infantry Weapons Level 1  
  66  5:10  Marine, SCV x2, Starport Reactor  
  69  5:15  Marine x2  
  69  5:18  Siege Tank  
  74  5:22  Supply Depot  
  74  5:23  SCV x2  
  74  5:24  Marine x2  
  78  5:32  Marine  
  78  5:33  Marine, Refinery  
  78  5:34  Marine  
  81  5:36  SCV  
  81  5:42  Marine x2, SCV  
  85  5:46  Supply Depot  
  85  5:47  Medivac x2  
  85  5:48  SCV  
  90  5:52  Supply Depot  
  90  5:53  Siege Tank  
  93  5:57  Marine  
  94  6:07  Marine x2  
  94  6:09  Supply Depot  
  94  6:11  Marine x2, Combat Shield  
  98  6:18  Marine  
  98  6:21  Medivac x2  
  98  6:25  Marine x2  
  105  6:29  Marine x2  
  105  6:31  Supply Depot  
  107  6:36  Marine  
  108  6:42  Marine x2  
  108  6:46  Marine  
  108  6:47  Marine  
  109  6:54  Siege Tank, Marine, Command Center  
  114  6:59  SCV  
  114  7:00  Marine  
  113  7:04  SCV  
  112  7:11  SCV  
  105  7:16  SCV  
  105  7:20  Marine x5  
  110  7:23  Medivac, SCV  
  113  7:30  Medivac  
  115  7:37  Marine x2, Refinery  
  115  7:38  Marine x2  
  115  7:43  SCV x2  
  120  7:51  Marine  
  121  7:54  Siege Tank  
  121  7:55  Marine x2  
  126  8:03  Marine x2  
  126  8:04  Viking x2  
  132  8:08  Marine  
  117  8:16  Marine x2  
  95  8:21  Marine  
  95  8:26  Siege Tank  
  94  8:31  Marine  
  94  8:34  Marine  
  62  10:26  Orbital Command  
  62  10:28  Orbital Command  
  62  10:52  Supply Depot x2  
  62  10:54  Supply Depot  
  61  11:07  Barracks Reactor x2  
  61  11:19  Starport Reactor  
  61  11:24  Refinery x2  
  61  11:31  Terran Infantry Armor Level 1  
  61  11:44  Marine x4  
  65  11:51  Factory  
  65  12:00  Orbital Command  
  65  12:01  Marine  
  65  12:02  Marine  
  67  12:10  Marine x2  
  69  12:25  Marine x2  
  69  12:28  Marine  
  72  12:35  SCV x2  
  72  12:37  Factory Reactor  
  74  12:40  Starport  
  74  12:45  Marine x3  
  74  12:46  Marine, Refinery  
  74  12:48  Refinery  
  78  12:59  Supply Depot  
  78  13:00  Supply Depot  
  78  13:01  SCV x2  
  80  13:14  Marine x3  
  80  13:15  Marine  
  84  13:27  Viking  
  86  13:29  Viking  
  86  13:51  Marine x2  
Show
View Real Time Build Order
Export as new Build Order

HeroMarine Terran 

Build Orders:  

Get SALT Encoding   

  12  0:00  SCV  
  13  0:12  SCV  
  14  0:17  Supply Depot  
  14  0:24  SCV  
  15  0:38  Barracks, SCV  
  15  0:42  Refinery  
  16  0:50  SCV  
  16  0:52  Refinery  
  17  1:02  SCV  
  18  1:15  SCV  
  19  1:25  Reaper  
  19  1:27  Orbital Command  
  19  1:31  Supply Depot  
  20  1:42  Factory  
  20  1:52  SCV  
  21  1:57  Reaper  
  22  2:04  SCV  
  23  2:16  SCV  
  23  2:21  Command Center  
  24  2:28  SCV, Hellion  
  27  2:30  Barracks Reactor  
  27  2:38  Supply Depot  
  27  2:40  SCV  
  28  2:47  Starport  
  28  2:50  Factory Tech Lab  
  28  2:55  SCV  
  28  3:07  Marine  
  28  3:08  Marine  
  28  3:12  SCV  
  30  3:24  Factory Tech Lab, SCV  
  30  3:25  Marine x2  
  33  3:33  Orbital Command, Raven  
  35  3:35  Refinery  
  35  3:36  SCV  
  36  3:43  Marine x2  
  36  3:47  Siege Tank  
  41  3:50  SCV  
  42  3:59  SCV  
  42  4:01  Marine x2  
  42  4:02  SCV  
  46  4:06  Supply Depot  
  46  4:07  Raven  
  48  4:11  SCV  
  48  4:14  SCV  
  48  4:16  Barracks  
  50  4:21  Siege Tank  
  50  4:23  SCV  
  54  4:28  SCV  
  54  4:30  Barracks  
  55  4:31  Marine  
  55  4:34  Marine  
  55  4:37  SCV  
  58  4:40  SCV  
  58  4:41  Supply Depot  
  59  4:49  SCV  
  59  4:52  Starport Reactor  
  62  4:53  SCV  
  62  4:59  Supply Depot  
  61  5:00  Marine  
  61  5:01  Stimpack  
  61  5:02  Siege Tank  
  61  5:04  SCV  
  61  5:05  SCV  
  61  5:07  Barracks Tech Lab  
  67  5:09  Refinery  
  67  5:15  Supply Depot  
  67  5:16  SCV  
  67  5:17  SCV  
  67  5:18  Marine  
  70  5:26  Marine x3, Combat Shield  
  73  5:29  Supply Depot  
  76  5:35  Marine  
  76  5:37  SCV x2  
  76  5:42  Supply Depot  
  79  5:43  Marine, Medivac x2  
  79  5:44  Marine  
  79  5:46  Marine  
  83  5:53  Marine, Supply Depot  
  83  5:55  Siege Tank  
  87  6:01  Marine x2  
  87  6:03  Marine  
  90  6:06  Supply Depot  
  90  6:11  Marine  
  90  6:13  Medivac x2  
  95  6:19  Marine x2  
  95  6:21  Marine  
  95  6:24  Supply Depot  
  98  6:26  SCV x2  
  98  6:27  Siege Tank  
  98  6:29  Marine  
  104  6:37  Marine x2, Supply Depot  
  104  6:39  Marine  
  107  6:46  Medivac x2  
  111  6:47  Marine  
  110  6:55  Marine x2  
  110  6:57  Marine  
  110  6:59  Engineering Bay x2  
  113  7:05  Marine  
  113  7:06  Siege Tank  
  117  7:09  SCV x2  
  117  7:12  Marine  
  117  7:13  Marine  
  117  7:15  Marine  
  110  7:22  Marine  
  108  7:25  Medivac x2  
  113  7:30  Marine x2  
  113  7:33  Marine  
  116  7:37  SCV  
  116  7:40  Marine  
  118  7:44  Siege Tank  
  118  7:45  Supply Depot  
  118  7:48  Marine x2  
  118  7:50  Marine  
  112  7:58  Marine  
  110  7:59  Medivac x2  
  113  8:06  Marine x2  
  113  8:08  Marine  
  113  8:16  Marine, Siege Tank  
  83  8:24  Marine x2  
  83  8:26  Marine  
  74  8:34  Marine  
  51  8:42  Marine x2  
  50  8:50  Orbital Command  
  42  9:52  SCV  
  43  10:00  Factory Tech Lab  
  43  10:10  Supply Depot  
  43  10:32  Supply Depot  
  42  10:55  Supply Depot  
  40  11:21  Supply Depot  
  40  11:42  Marine, SCV, Viking  
  40  11:46  Supply Depot  
  47  12:02  Marine  
  47  12:03  SCV  
  46  12:12  Liberator, Supply Depot  
  46  12:15  SCV  
  50  12:26  Marine  
  50  12:27  SCV  
  52  12:39  SCV  
  53  12:51  SCV  
  54  12:58  Marine  
  55  13:03  SCV  
  56  13:15  Marine, SCV  
  58  13:27  SCV  
  58  13:29  Refinery  
  58  13:33  Marine  
  60  13:39  SCV  
  61  13:51  SCV, Refinery  

Tags
 
Add a new tag
Caveats
  • Supply blocks, unpowered buildings, or Contaminate may cause inaccurate times.
  • Supply counts are checked every 10 seconds.